AoeStats
← ¬koJ

Oasis

509001811Analyzed
3v3 RM · 8d ago on Sep 25, 2026· 49m 49s· 6 players
Game mode
Random Map
Map size
Normal (6 player)
Population
200
Speed
Normal
Resources
Standard
Victory
Conquest
Starting age
Dark Age
Ending age
Imperial Age
RankedLock teamsTeams togetherTeam positionsShared explorationLock speedFull tech treeHidden civsTurbo modeCheats
Victory
Defeat
🇦🇷 Huns · Argentina
1107
+14
🇮🇩 Japanese · Indonesia
1068
+16
🇨🇴 Goths · Colombia
1054
+16
🇧🇷 Saxons · Brazil
1073
-15
🇧🇷 Britons · Brazil
1067
-16
🇧🇷 Turks · Brazil
1042
-15
EXILS_POLLO
4:12 Loom
9:42 Feudal Age
11:46 Wheelbarrow
13:27 Double-Bit Axe
13:24 Horse Collar
19:40 Castle Age
18:57 Gold Mining
21:58 Squires
22:38 Bow Saw
23:03 Heavy Plow
26:53 Anarchy
28:41 Scale Mail Armor
28:51 Forging
30:14 Chain Mail Armor
32:24 Iron Casting
36:07 Imperial Age
34:22 Hand Cart
33:53 Town Watch
34:34 Pikeman
36:38 Elite Huskarl
37:23 Perfusion
37:48 Conscription
39:10 Blast Furnace
39:04 Crop Rotation
40:15 Two-Man Saw
39:53 Capped Ram
42:42 Chemistry
42:04 Ballistics
41:26 Treadmill Crane
43:46 Halberdier
45:05 Scale Barding Armor
49:13 Caravan
LeChuck
6:59 Loom
9:22 Feudal Age
9:59 Double-Bit Axe
9:55 Horse Collar
15:38 Wheelbarrow
20:13 Castle Age
18:47 Gold Mining
19:22 Fletching
19:54 Bloodlines
20:55 Bodkin Arrow
23:00 Ballistics
22:57 Husbandry
25:27 Town Watch
29:42 Padded Archer Armor
30:36 Thumb Ring
31:56 Leather Archer Armor
36:28 Hand Cart
36:15 Stone Mining
44:15 Imperial Age
42:03 Heavy Plow
44:05 Scale Barding Armor
44:12 Forging
45:48 Scale Barding Armor
45:54 Forging
47:50 Gold Shaft Mining
47:31 Guilds
46:46 Cavalier
47:49 Chain Barding Armor
49:34 Iron Casting
48:45 Capped Ram
DekaJe
0:33 Loom
11:54 Feudal Age
16:29 Castle Age
14:46 Horse Collar
15:43 Double-Bit Axe
24:23 Scale Mail Armor
24:34 Forging
24:26 Fletching
29:40 Chain Mail Armor
31:17 Bodkin Arrow
36:32 Heavy Plow
39:46 Yasama
41:22 Wheelbarrow
41:00 Bow Saw
40:44 Gold Mining
40:46 Stone Mining
41:45 Town Watch
43:04 Hand Cart
43:27 Gold Shaft Mining
43:52 Murder Holes
43:48 Guard Tower
44:16 Pikeman
48:29 Imperial Age
46:35 Padded Archer Armor
47:12 Iron Casting
46:51 Caravan
48:28 Gambesons
48:44 Squires
48:30 Arson
49:02 Leather Archer Armor
48:53 Scale Barding Armor
49:38 Elite Samurai
50:39 Conscription
Zulks
9:20 Loom
12:14 Feudal Age
21:07 Castle Age
19:13 Double-Bit Axe
20:11 Horse Collar
22:30 Scale Mail Armor
22:37 Squires
24:35 Bow Saw
24:18 Fletching
27:12 Wheelbarrow
28:15 Forging
27:59 Town Watch
37:39 Elite Skirmisher
39:49 Ballistics
41:03 Town Patrol
42:30 Bodkin Arrow
42:38 Padded Archer Armor
44:50 Thumb Ring
46:26 Gambesons
46:02 Pikeman
47:00 Chain Mail Armor
47:20 Iron Casting
¬koJ
3:21 Loom
11:48 Feudal Age
12:38 Double-Bit Axe
13:07 Horse Collar
20:55 Castle Age
19:07 Stone Mining
20:01 Fletching
20:40 Gold Mining
21:52 Bodkin Arrow
22:59 Crossbowman
24:54 Ballistics
25:22 Padded Archer Armor
26:44 Gold Shaft Mining
26:08 Town Watch
28:05 Leather Archer Armor
30:51 Bow Saw
31:06 Murder Holes
35:45 Wheelbarrow
38:46 Imperial Age
39:20 Heavy Plow
41:27 Two-Man Saw
Nebrown#1 JUGGERNAUT
10:09 Loom
11:54 Feudal Age
17:20 Castle Age
15:15 Double-Bit Axe
15:40 Horse Collar
17:24 Gold Mining
18:40 Bow Saw
22:39 Fletching
23:37 Bodkin Arrow
23:42 Padded Archer Armor
26:32 Padded Archer Armor
27:54 Thumb Ring
28:30 Leather Archer Armor
28:19 Gold Mining
31:33 Wheelbarrow
32:42 Ballistics
33:21 Stone Mining
36:58 Imperial Age
35:01 Bloodlines
34:51 Husbandry
35:51 Sipahi
35:58 Husbandry
38:06 Bracer
38:39 Parthian Tactics
41:15 Hand Cart
41:38 Conscription
41:24 Murder Holes
43:38 Masonry
45:51 Gold Shaft Mining
46:28 Ring Archer Armor
49:18 Hoardings
48:55 Town Watch
Connection lost

Rejoining the realm…

Still unreachable

The connection could not be restored.

Session expired

The server has moved on; the page needs a fresh start.